 Dungeon Sprint DCSS version 0.22.1-2-g9c5b331 (webtiles) character file.

476 whitewolfNL the Basher (level 6, -1/68 HPs)
             Began as a Minotaur Berserker on Dec 18, 2018.
             Was a Believer of Trog.
             Slain by Sonja
             ... wielding a +0 dagger of distortion
              (21 damage)
             ... in the Dungeon (Sprint I: "Red Sonja").
             The game lasted 00:03:15 (842 turns).

whitewolfNL the Basher (Minotaur Berserker)          Turns: 842, Time: 00:03:15

Health: -1/68      AC:  4    Str: 21    XL:     6   Next: 84%
Magic:  5/5        EV: 14    Int:  5    God:    Trog [**....]
Gold:   135        SH:  0    Dex: 11    Spells: 5/5 levels left

rFire    + . .     SeeInvis .   b - +0 scythe
rCold    . . .     Gourm    .   (shield currently unavailable)
rNeg     . . .     Faith    .   l - +1 leather armour {rF+}
rPois    .         Spirit   .   (helmet restricted)
rElec    .         Reflect  .   (no cloak)
rCorr    .         Harm     .   (no gloves)
MR       .....     NoTele   +   (no boots)
Stlth    +.........             (no amulet)
HPRegen  0.21/turn              (no ring)
MPRegen  0.09/turn              (no ring)

@: berserk cooldown, slowed, very slow
A: retaliatory headbutt, horns 2
a: Berserk, Trog's Hand, Renounce Religion


You were in the Dungeon.
You worshipped Trog.
Trog was pleased with you.
You were not hungry.

You visited 1 branch You collected 135 gold pieces.

Inventory:

Hand Weapons
 a - a +0 mace
 b - a +0 scythe (weapon)
 k - a +2 dagger of flaming
Armour
 l - a +1 leather armour of fire resistance (worn)
Scrolls
 c - a scroll of immolation {unknown}
 i - a scroll of blinking
Potions
 f - a potion of haste
 g - 2 potions of magic


   Skills:
 * Level 11.1 Fighting
 - Level 11.2 Maces & Flails
 * Level 1.3 Polearms
 * Level 6.5 Armour
 * Level 5.7 Dodging
 - Level 1.0 Stealth


You had 5 spell levels left.
You didn't know any spells.
Your spell library was empty.

Dungeon Overview and Level Annotations

Branches:
Dungeon (1/1)

Altars:
Makhleb
Sif Muna
Vehumet
Wu Jian
Xom
Jiyva
Lugonu

Annotations:
D Sonja


Innate Abilities, Weirdness & Mutations

You reflexively headbutt those who attack you in melee.
You have a pair of horns on your head.


Message History

You are exhausted.
You feel as though you will be slow longer.
* * * LOW HITPOINT WARNING * * *
You feel very sick.
Sonja opens the door.
You feel better.
Sonja shoots a curare-tipped needle.
The curare-tipped needle misses you.
Sonja says, "I'm academy-trained, you know."
Sonja gestures wildly while chanting.
Sonja blinks!
You see here 4 curare-tipped needles.
Sonja unwields an uncursed blowgun.
Sonja wields an uncursed dagger of distortion.
Its appearance distorts for a moment.
Sonja closely misses you. You furiously retaliate!
You headbutt Sonja.
Sonja hits you with an uncursed dagger of distortion.
Space bends around you.
* * * LOW HITPOINT WARNING * * *
Sonja hits you but does no damage. Space warps horribly around you!
You die...

#<.#..').#.!'..#__#
#..'[.#..'..#..'..+
#..#####+#####'#__#
#..# #.####§ #..#
##.#§≈≈§ #..#
#+#_.+§≈§§ #⌠⌠#
+..._#§≈§§ ####
#_(#'##+## ##@#.#
#K### $.$ #$.$#
##.## #+#


You could see Sonja.

Vanquished Creatures
  A slime creature (D)
  Sigmund (D)
  An ogre (D)
  A jelly (D)
  Ijyb (D)
5 creatures vanquished.

Vanquished Creatures (others)
  A gargoyle (D)
  3 hornets (D)
4 creatures vanquished.

Grand Total: 9 creatures vanquished

Notes
Turn   | Place    | Note
-------+----------+-------------------------------------------
     0 | D        | whitewolfNL the Minotaur Berserker began the quest for the
                  | Orb.
     0 | D        | Reached XP level 1. HP: 19/19 MP: 0/0
     1 | D        | Noticed Ijyb
     9 | D        | Killed Ijyb
     9 | D        | Reached skill level 5 in Fighting
     9 | D        | Reached skill level 5 in Maces & Flails
     9 | D        | Reached XP level 2. HP: 18/30 MP: 1/1
   219 | D        | Killed a gargoyle
   270 | D        | Noticed an ogre
   277 | D        | Killed an ogre
   277 | D        | Reached XP level 3. HP: 24/40 MP: 2/2
   277 | D        | Reached XP level 4. HP: 28/48 MP: 3/3
   377 | D        | Killed a hornet
   444 | D        | Noticed Sigmund
   454 | D        | Killed Sigmund
   454 | D        | Reached ** piety under Trog
   454 | D        | Reached skill level 5 in Armour
   454 | D        | Reached XP level 5. HP: 58/58 MP: 4/4
   472 | D        | Found a burning altar of Makhleb.
   472 | D        | Found a viscous altar of Jiyva.
   472 | D        | Found a shimmering altar of Xom.
   472 | D        | Found a corrupted altar of Lugonu.
   472 | D        | Noticed a slime creature
   479 | D        | Killed a hornet
   481 | D        | Killed a hornet
   487 | D        | Killed a slime creature
   487 | D        | Reached skill level 1 in Polearms
   487 | D        | Reached skill level 5 in Dodging
   487 | D        | Reached skill level 1 in Stealth
   487 | D        | Reached XP level 6. HP: 24/68 MP: 5/5
   803 | D        | Found an ornate altar of the Wu Jian Council.
   803 | D        | Found a deep blue altar of Sif Muna.
   805 | D        | Found a radiant altar of Vehumet.
   832 | D        | Noticed Sonja
   842 | D        | Slain by Sonja

Skill      XL: |  1  2  3  4  5 |
---------------+----------------+-----
Fighting       | 5 7 9 11 | 11.1
Maces & Flails | 5 7 9 11 | 11.2
Armour         | 3 4 5 6 |  6.5
Dodging        | 3 4 5 |  5.7
Polearms       | 1 |  1.3
Stealth        | 1 |  1.0

Action                   |  1- 3 |  4- 6 || total
-------------------------+-------+-------++-------
Melee: Mace              |    12 |    15 ||    27
       Headbutt          |     2 |     3 ||     5
       Scythe            |       |     5 ||     5
Invok: Berserk           |     2 |     2 ||     4
  Use: Potion            |       |     2 ||     2
  Eat: Ration            |       |     1 ||     1
Armor: Leather armour    |       |     5 ||     5
Dodge: Dodged            |     5 |    22 ||    27
